BSA
VISTA PANTHERS @ NASSAU ROCKETS
09/18/2030
 
TOP OF THE 1ST
Vista Panthers batting - Pitching for Nassau Rockets : LHP Ben Moody
Pitching: LHP Ben Moody
Batting: RHB Stephen Wilson 0-0: Called Strike
0-1: DOUBLE (Flyball, 8LXD)
Batting: RHB Jake Reeves 0-0: SINGLE (Groundball, 6MD)
Stephen Wilson to third
Runner from 3rd tries for Home, SAFE, no throw
Batting: RHB Salvador Salas 0-0: Called Strike
0-1: Foul Ball, location: 2F
0-2: Strikes out swinging
Batting: LHB Clyde Yarbrough 0-0: Ball
1-0: Ball
2-0: Ball
3-0: Called Strike
3-1: Foul Ball, location: 2F
3-2: Strikes out swinging
Batting: LHB Dante Owens 0-0: Ball
1-0: Ball
2-0: Ball
3-0: Fly out, F8 (Flyball, 8LXD)
Top of the 1st over - 1 run, 2 hits, 0 errors, 1 left on base; Vista 1 - Nassau 0
BOTTOM OF THE 1ST
Nassau Rockets batting - Pitching for Vista Panthers : LHP John Whitaker
Pitching: LHP John Whitaker
Batting: RHB Aaron Wilson 0-0: Called Strike
0-1: Fly out, F8 (Flyball, 89S)
Batting: RHB Jesús Villalobos 0-0: Ball
1-0: Foul Ball, location: 2F
1-1: SINGLE (Groundball, 5S) (infield hit)
Batting: RHB Dexter Potter 0-0: Called Strike
0-1: Ball
1-1: Called Strike
1-2: Ball
2-2: Fly out, F5 (Line Drive, 5S)
Batting: LHB Juan Romero 0-0: Called Strike
Jesús Villalobos steals 2nd base
0-1: Foul Ball, location: 2F
0-2: Ball
1-2: Ball
2-2: Ball
3-2: Strikes out swinging
Bottom of the 1st over - 0 runs, 1 hit, 0 errors, 1 left on base; Vista 1 - Nassau 0
TOP OF THE 2ND
Vista Panthers batting - Pitching for Nassau Rockets : LHP Ben Moody
Batting: RHB Johnny Williams 0-0: Foul Ball, location: 2F
0-1: Fly out, F4 (Popup, 4)
Batting: RHB Phil Matthews 0-0: Called Strike
0-1: Ball
1-1: Foul Ball, location: 2F
1-2: Strikes out looking
Batting: RHB Justin Burgess 0-0: Ball
1-0: Foul Ball, location: 2F
1-1: Ball
2-1: Ground out U3 (Groundball, 34)
Top of the 2nd over - 0 runs, 0 hits, 0 errors, 0 left on base; Vista 1 - Nassau 0
BOTTOM OF THE 2ND
Nassau Rockets batting - Pitching for Vista Panthers : LHP John Whitaker
Batting: LHB Andrew Alvarado 0-0: DOUBLE (Line Drive, 89D)
Batting: RHB António Zúñiga 0-0: Ball
1-0: Foul Ball, location: 2F
1-1: Foul Ball, location: 2F
1-2: DOUBLE (Flyball, 8RXD)
Andrew Alvarado scores
Batting: RHB Kenji Kudo 0-0: Called Strike
0-1: Foul Ball, location: 2F
0-2: SINGLE (Groundball, 25) (infield hit)
António Zúñiga to third
Batting: LHB Wilson Allen 0-0: Ball
1-0: Ball
2-0: Called Strike
2-1: Foul Ball, location: 2F
2-2: Strikes out swinging
Batting: SHB Edgardo Osorio 0-0: Ball
1-0: Foul Ball, location: 2F
1-1: Ball
2-1: Fly out, F7 (Flyball, 7)
Runner from 3rd tags up, SCORES, throw made
Batting: RHB Aaron Wilson 0-0: Ball
1-0: Swinging Strike
1-1: Fielders Choice at 2nd, 5-4 (Groundball, 5)
Bottom of the 2nd over - 2 runs, 3 hits, 0 errors, 1 left on base; Vista 1 - Nassau 2
TOP OF THE 3RD
Vista Panthers batting - Pitching for Nassau Rockets : LHP Ben Moody
Batting: RHB Luis Ríos 0-0: Foul Ball, location: 2F
0-1: Foul Ball, location: 2F
0-2: Ground out 4-3 (Groundball, 4M)
Batting: RHB Stephen Wilson 0-0: Ball
1-0: DOUBLE (Line Drive, 8RXD)
Batting: RHB Jake Reeves 0-0: Fly out, F7 (Flyball, 78D)
Batting: RHB Salvador Salas 0-0: Ball
1-0: SINGLE (Groundball, 6MD)
Stephen Wilson to third
Runner from 3rd tries for Home, SAFE, no throw
Batting: LHB Clyde Yarbrough 0-0: Foul Ball, location: 2F
0-1: Swinging Strike
0-2: Strikes out swinging
Top of the 3rd over - 1 run, 2 hits, 0 errors, 1 left on base; Vista 2 - Nassau 2
BOTTOM OF THE 3RD
Nassau Rockets batting - Pitching for Vista Panthers : LHP John Whitaker
Batting: RHB Jesús Villalobos 0-0: Ball
1-0: Ball
2-0: Ground out 5-3 (Groundball, 56S)
Batting: RHB Dexter Potter 0-0: Called Strike
0-1: Foul Ball, location: 2F
0-2: SINGLE (Line Drive, 7LM)
Batting: LHB Juan Romero 0-0: Called Strike
0-1: SINGLE (Groundball, 4MD)
Dexter Potter to second
Runner from 2nd tries for 3rd, SAFE, no throw
Batting: LHB Andrew Alvarado 0-0: Ball
1-0: Ball
2-0: Ball
3-0: Base on Balls
Juan Romero to second
Batting: RHB António Zúñiga 0-0: Ball
1-0: Ball
2-0: Called Strike
2-1: Ball
3-1: DOUBLE (Line Drive, 3D)
Dexter Potter scores
Juan Romero scores
Andrew Alvarado to third
Batting: RHB Kenji Kudo 0-0: Ball
1-0: Ground out 5-3 (Groundball, 56)
Andrew Alvarado scores
Batting: LHB Wilson Allen 0-0: Swinging Strike
0-1: Swinging Strike
0-2: Strikes out swinging
Bottom of the 3rd over - 3 runs, 3 hits, 0 errors, 1 left on base; Vista 2 - Nassau 5
TOP OF THE 4TH
Vista Panthers batting - Pitching for Nassau Rockets : LHP Ben Moody
Batting: LHB Dante Owens 0-0: Ground out U3 (Groundball, 3)
Batting: RHB Johnny Williams 0-0: Foul Ball, location: 2F
0-1: Ball
1-1: Ball
2-1: Ball
3-1: Called Strike
3-2: Foul Ball, location: 2F
3-2: Ground out 5-3 (Groundball, 56S)
Batting: RHB Phil Matthews 0-0: Ball
1-0: Called Strike
1-1: Foul Ball, location: 2F
1-2: Ball
2-2: Foul Ball, location: 2F
2-2: Strikes out swinging
Top of the 4th over - 0 runs, 0 hits, 0 errors, 0 left on base; Vista 2 - Nassau 5
BOTTOM OF THE 4TH
Nassau Rockets batting - Pitching for Vista Panthers : LHP John Whitaker
Batting: SHB Edgardo Osorio 0-0: Called Strike
0-1: SINGLE (Flyball, 6MD)
Pitching: RHP Craig Lewis
Batting: RHB Aaron Wilson 0-0: Ball
1-0: Ball
2-0: Called Strike
2-1: Foul Ball, location: 2F
2-2: Strikes out swinging
Batting: RHB Jesús Villalobos 0-0: Ball
1-0: Foul Ball, location: 2F
1-1: Foul Ball, location: 2F
1-2: Ground out 1-3 (Groundball, 13S)
Edgardo Osorio to second
Batting: RHB Dexter Potter 0-0: Called Strike
0-1: Ball
1-1: Called Strike
1-2: Strikes out swinging
Bottom of the 4th over - 0 runs, 1 hit, 0 errors, 1 left on base; Vista 2 - Nassau 5
TOP OF THE 5TH
Vista Panthers batting - Pitching for Nassau Rockets : LHP Ben Moody
Batting: RHB Justin Burgess 0-0: Foul Ball, location: 2F
0-1: Foul Ball, location: 2F
0-2: Ball
1-2: Foul Ball, location: 2F
1-2: Strikes out swinging
Batting: RHB Luis Ríos 0-0: SINGLE (Groundball, 6D)
Batting: RHB Stephen Wilson 0-0: Foul Ball, location: 2F
0-1: Ball
1-1: Ball
2-1: Foul Ball, location: 2F
2-2: Foul Ball, location: 2F
2-2: Strikes out swinging
Batting: RHB Jake Reeves 0-0: Ball
1-0: Swinging Strike
1-1: Foul Ball, location: 2F
1-2: Strikes out looking
Top of the 5th over - 0 runs, 1 hit, 0 errors, 1 left on base; Vista 2 - Nassau 5
BOTTOM OF THE 5TH
Nassau Rockets batting - Pitching for Vista Panthers : RHP Craig Lewis
Batting: LHB Juan Romero 0-0: Ball
1-0: Foul Ball, location: 2F
1-1: Called Strike
1-2: Ball
2-2: Foul Ball, location: 2F
2-2: Ball
3-2: Base on Balls
Pitching: RHP Jorge Oliva
Batting: LHB Andrew Alvarado 0-0: Ball
1-0: Ball
2-0: Reached on error, E4 (Groundball, 4M)
Juan Romero to second
Batting: RHB António Zúñiga 0-0: Ball
1-0: Foul Ball, location: 2F
1-1: Reached on error, E3 (Groundball, 34S)
Juan Romero to third
Andrew Alvarado to second
Batting: RHB Kenji Kudo 0-0: Ball
1-0: Grounds into double play, 4-6-3 (Groundball, 4)
Juan Romero scores
Andrew Alvarado to third
Batting: LHB Wilson Allen 0-0: Ball
1-0: Swinging Strike
1-1: Foul Ball, location: 2F
1-2: 2-RUN HOME RUN (Flyball, 9D), Distance : 338 ft
Batting: SHB Edgardo Osorio 0-0: Ball
1-0: Ball
2-0: Ball
3-0: Called Strike
3-1: Foul Ball, location: 2F
3-2: Base on Balls
Batting: RHB Aaron Wilson 0-0: Called Strike
0-1: Ball
1-1: SINGLE (Line Drive, 7LS)
Edgardo Osorio to second
Runner from 2nd tries for 3rd, SAFE, no throw
Batting: RHB Jesús Villalobos 0-0: Called Strike
0-1: Foul Ball, location: 2F
0-2: Strikes out swinging
Bottom of the 5th over - 3 runs, 2 hits, 2 errors, 2 left on base; Vista 2 - Nassau 8
TOP OF THE 6TH
Vista Panthers batting - Pitching for Nassau Rockets : LHP Ben Moody
Batting: RHB Salvador Salas 0-0: SOLO HOME RUN (Flyball, 7D), Distance : 345 ft
Batting: LHB Clyde Yarbrough 0-0: Called Strike
0-1: Ground out 6-3 (Groundball, 6)
Batting: LHB Dante Owens 0-0: Ball
1-0: Swinging Strike
1-1: Called Strike
1-2: SINGLE (Line Drive, 7S)
Batting: RHB Johnny Williams 0-0: Foul Ball, location: 2F
0-1: Fielders Choice at 2nd, 1-6 (Groundball, P)
Batting: RHB Phil Matthews 0-0: Ball
1-0: Foul Ball, location: 2F
1-1: SINGLE (Line Drive, 8LS)
Johnny Williams to second
Batting: RHB Justin Burgess 0-0: Called Strike
0-1: Ball
1-1: Foul Ball, location: 2F
1-2: Ball
2-2: SINGLE (Groundball, 4MD)
Johnny Williams to third
Phil Matthews to second
Runner from 3rd tries for Home, SAFE, no throw
Pitching: RHP Chris Marshall
Batting: RHB Luis Ríos 0-0: Ball
1-0: Ball
2-0: SINGLE (Popup, 6D)
Phil Matthews to third
Justin Burgess to second
Runner from 3rd tries for Home, SAFE, no throw
Batting: RHB Stephen Wilson 0-0: Called Strike
0-1: Called Strike
0-2: Ball
1-2: Ball
2-2: Foul Ball, location: 2F
2-2: Ball
3-2: Fly out, F9 (Flyball, 9D)
Top of the 6th over - 3 runs, 5 hits, 0 errors, 2 left on base; Vista 5 - Nassau 8
BOTTOM OF THE 6TH
Nassau Rockets batting - Pitching for Vista Panthers : RHP Jorge Oliva
Pitching: RHP John Hall
Batting: RHB Dexter Potter 0-0: Swinging Strike
0-1: Ground out 4-3 (Groundball, 34)
Batting: LHB Juan Romero 0-0: Called Strike
0-1: Foul Ball, location: 2F
0-2: Foul Ball, location: 2F
0-2: Fly out, F8 (Flyball, 8LM)
Batting: LHB Andrew Alvarado 0-0: Called Strike
0-1: Ball
1-1: Ball
2-1: Ball
3-1: Swinging Strike
3-2: Base on Balls
Batting: RHB António Zúñiga 0-0: DOUBLE (Line Drive, 9LM)
Andrew Alvarado to third
Runner from 3rd tries for Home, SAFE, throw made at trailing runner, OUT at third!
Bottom of the 6th over - 1 run, 1 hit, 0 errors, 0 left on base; Vista 5 - Nassau 9
TOP OF THE 7TH
Vista Panthers batting - Pitching for Nassau Rockets : RHP Chris Marshall
Batting: RHB Jake Reeves 0-0: Ball
1-0: Ball
2-0: Swinging Strike
2-1: Swinging Strike
2-2: Ball
3-2: Fly out, F7 (Flyball, 7D)
Batting: RHB Salvador Salas 0-0: Foul Ball, location: 2F
0-1: Ball
1-1: Swinging Strike
1-2: Strikes out swinging
Batting: LHB Clyde Yarbrough 0-0: Swinging Strike
0-1: Ball
1-1: Foul Ball, location: 2F
1-2: Fly out, F8 (Flyball, 8LXD)
Top of the 7th over - 0 runs, 0 hits, 0 errors, 0 left on base; Vista 5 - Nassau 9
BOTTOM OF THE 7TH
Nassau Rockets batting - Pitching for Vista Panthers : RHP John Hall
Batting: RHB Kenji Kudo 0-0: Ball
1-0: Ball
2-0: Called Strike
2-1: Ground out 5-3 (Groundball, 56)
Batting: LHB Wilson Allen 0-0: Foul Ball, location: 2F
0-1: Foul Ball, location: 2F
0-2: Ball
1-2: Strikes out swinging
Batting: SHB Edgardo Osorio 0-0: Ball
1-0: Called Strike
1-1: Swinging Strike
1-2: Ball
2-2: Ball
3-2: Fly out, F9 (Flyball, 89S)
Bottom of the 7th over - 0 runs, 0 hits, 0 errors, 0 left on base; Vista 5 - Nassau 9
TOP OF THE 8TH
Vista Panthers batting - Pitching for Nassau Rockets : RHP Chris Marshall
Batting: LHB Dante Owens 0-0: Called Strike
0-1: Ball
1-1: Ball
2-1: Ball
3-1: Foul Ball, location: 2F
3-2: Foul Ball, location: 2F
3-2: Base on Balls
Batting: RHB Johnny Williams 0-0: Called Strike
0-1: Ball
1-1: Swinging Strike
1-2: Fielders Choice at 2nd, 4-6 (Groundball, 34)
Batting: RHB Phil Matthews 0-0: Ball
1-0: Ball
2-0: Called Strike
2-1: Grounds into double play, 6-4-3 (Groundball, 6)
Top of the 8th over - 0 runs, 0 hits, 0 errors, 0 left on base; Vista 5 - Nassau 9
BOTTOM OF THE 8TH
Nassau Rockets batting - Pitching for Vista Panthers : RHP John Hall
Batting: RHB Aaron Wilson 0-0: Called Strike
0-1: Foul Ball, location: 2F
0-2: Strikes out swinging
Batting: RHB Jesús Villalobos 0-0: Swinging Strike
0-1: SINGLE (Line Drive, 78S)
Batting: RHB Dexter Potter 0-0: Foul Ball, location: 2F
0-1: Ball
1-1: Called Strike
1-2: Ball
2-2: Foul Ball, location: 2F
2-2: Ball
3-2: Base on Balls
Jesús Villalobos to second
Batting: LHB Juan Romero 0-0: Ball
1-0: Ground out U3 (Groundball, 3S)
Jesús Villalobos to third
Dexter Potter to second
Batting: LHB Andrew Alvarado 0-0: Foul Ball, location: 2F
0-1: Ground out 6-3 (Groundball, 6)
Bottom of the 8th over - 0 runs, 1 hit, 0 errors, 2 left on base; Vista 5 - Nassau 9
TOP OF THE 9TH
Vista Panthers batting - Pitching for Nassau Rockets : RHP Chris Marshall
Batting: RHB Justin Burgess 0-0: SINGLE (Groundball, 4D)
Batting: RHB Luis Ríos 0-0: Ball
1-0: Called Strike
1-1: SINGLE (Groundball, 56D)
Justin Burgess to second
Pitching: LHP Joaquín Gonzáles
Batting: RHB Stephen Wilson 0-0: Called Strike
0-1: Ball
1-1: Ball
2-1: Foul Ball, location: 2F
2-2: Foul Ball, location: 2F
2-2: Fly out, F7 (Flyball, 78M)
Batting: RHB Jake Reeves 0-0: Fly out, F8 (Flyball, 8LD)
Batting: RHB Salvador Salas 0-0: Ball
1-0: Ball
2-0: 3-RUN HOME RUN (Flyball, 78D), Distance : 369 ft
Batting: LHB Clyde Yarbrough 0-0: Called Strike
0-1: Foul Ball, location: 2F
0-2: Foul Ball, location: 2F
0-2: Ball
1-2: Foul Ball, location: 2F
1-2: Strikes out looking
Top of the 9th over - 3 runs, 3 hits, 0 errors, 0 left on base; Vista 8 - Nassau 9
Saturday, April 7th, 2018 - OOTP Baseball 18.8 Build 76